 Dungeon Crawl Stone Soup version 0.20-a0-1116-gaa52201 (webtiles) character file.

101 Infinimo the Cudgeler (level 4, -5/35 HPs)
             Began as a Demonspawn Berserker on May 8, 2017.
             Was a Believer of Trog.
             Slain by Natasha (7 damage)
             ... on level 2 of the Dungeon.
             The game lasted 00:02:01 (1190 turns).

Infinimo the Cudgeler (Demonspawn Berserker)        Turns: 1190, Time: 00:02:01

Health: -5/35      AC:  2    Str: 18    XL:     4   Next: 48%
Magic:  4/4        EV: 12    Int:  8    God:    Trog [**....]
Gold:   59         SH:  0    Dex: 13    Spells: 3/3 levels left

rFire    . . .     SeeInvis .   a - +0 mace
rCold    . . .     Gourm    .   (no shield)
rNeg     . . .     Faith    .   b - +0 animal skin
rPois    .         Spirit   .   (no helmet)
rElec    .         Reflect  .   (no cloak)
rCorr    .         Harm     .   (no gloves)
MR       .....                  (no boots)
Stlth    +.........             (no amulet)
Regen    0.2/turn               (no ring)
MPRegen  0.1/turn               (no ring)

@: slowed, very slow
A: claws 1, powered by death 1
a: Berserk, Trog's Hand, Burn Spellbooks, Renounce Religion


You were on level 2 of the Dungeon.
You worshipped Trog.
Trog was pleased with you.
You were very hungry.

You visited 1 branch of the dungeon, and saw 2 of its levels.

You collected 59 gold pieces.

Inventory:

Hand Weapons
 a - a +0 mace (weapon)
Armour
 b - a +0 animal skin (worn)
Scrolls
 f - a scroll of teleportation {unknown}
 h - a scroll of immolation {unknown}
Potions
 d - a potion of magic
 e - a potion of heal wounds {unknown}
 g - a potion of haste {unknown}
Comestibles
 c - 2 bread rations
 i - a meat ration
 j - 4 fruits
 k - a chunk of flesh


   Skills:
 - Level 3.0 Fighting
 + Level 4.8 Maces & Flails
 - Level 1.7 Armour
 - Level 1.7 Dodging


You had 3 spell levels left.
You didn't know any spells.

Dungeon Overview and Level Annotations

Branches:
Dungeon (2/15)

Altars:
Dithmenos

Annotations:
D:2 1 runed door, Natasha


Innate Abilities, Weirdness & Mutations

You have sharp fingernails.
You regenerate a little health from kills.


Message History

You are feeling very hungry.
Natasha, Servant of Life and Death comes into view.
Natasha is nearby!
Natasha is nearby!
Unknown command.
Unknown command.
You are too injured to fight recklessly!
Natasha misses you. Natasha claws you!
You hit Natasha but do no damage. Natasha barely misses you.
Natasha closely misses you. Natasha barely misses you. Natasha claws you!
* * * LOW HITPOINT WARNING * * *
Natasha claws you.
* * * LOW HITPOINT WARNING * * *
You sock Natasha!
Natasha is severely wounded.
Natasha barely misses you. x2
It was a potion of magic.
Magic courses through your body. Natasha claws you!
You die...

########
#...(..#
#......##
#.@.....###
#.h........
#........#
#.......##
#...##..#
####.###..#.
#.....##....
#...........
#...##......


You could see Natasha.

Vanquished Creatures
  Jessica (D:2)
  Natasha (D:2)
  An adder (D:2)
  2 oozes
  A worm (D:2)
  2 dart slugs (D:1)
  A leopard gecko (D:2)
  3 bats
  A goblin (D:1)
  2 hobgoblins
  3 jackals (D:1)
  5 kobolds (D:1)
  A quokka (D:2)
  A frilled lizard (D:2)
  3 rats (D:1)
28 creatures vanquished.

Notes
Turn   | Place    | Note
-------+----------+-------------------------------------------
     0 | D:1      | Infinimo the Demonspawn Berserker began the quest for the Orb.
     0 | D:1      | Reached XP level 1. HP: 18/18 MP: 1/1
    99 | D:1      | Reached skill level 3 in Maces & Flails
   106 | D:1      | Gained mutation: You regenerate a little health from kills. [demonic ancestry]
   106 | D:1      | Reached XP level 2. HP: 18/24 MP: 2/2
   552 | D:2      | Reached XP level 3. HP: 16/29 MP: 3/3
   730 | D:2      | Reached skill level 4 in Maces & Flails
  1019 | D:2      | Found a runed door.
  1140 | D:2      | Noticed Jessica
  1144 | D:2      | Killed Jessica
  1144 | D:2      | Reached ** piety under Trog
  1144 | D:2      | Gained mutation: You have sharp fingernails. [demonic ancestry]
  1144 | D:2      | Reached XP level 4. HP: 35/35 MP: 4/4
  1149 | D:2      | Found a shadowy altar of Dithmenos.
  1167 | D:2      | Noticed Natasha
  1174 | D:2      | Killed Natasha
  1182 | D:2      | Noticed Natasha
  1190 | D:2      | Slain by Natasha

Vault maps used:
D:1:      lemuel_arrival_funnel, minmay_tetromino_s2
D:2:      first_bread, nicolae_dithmenos_shadow_blocks, uniq_jessica,
          uniq_crazy_yiuf_cottage, uniq_natasha

Skill      XL: |  1  2  3 |
---------------+----------+-----
Maces & Flails | 3 4 |  4.8
Fighting       | |  3.0
Armour         | |  1.7
Dodging        | |  1.7

Action                   |  1- 3 |  4- 6 || total
-------------------------+-------+-------++-------
Melee: Mace              |    77 |    14 ||    91
Invok: Berserk           |       |     1 ||     1
  Use: Potion            |       |     1 ||     1
 Stab: Sleeping          |     2 |       ||     2
  Eat: Chunk             |       |     1 ||     1
Armor: Animal skin       |    20 |     2 ||    22
Dodge: Dodged            |    65 |    14 ||    79
